 Dungeon Sprint DCSS version 0.28.0 (webtiles) character file.

Game seed: 554293972288041741

3 rocky1 the Poker (level 1, 0/18 HPs)
             Began as a Minotaur Gladiator on Feb 12, 2022.
             Slain by a human (8 damage)
             ... in the Dungeon (Sprint III: "The Ten Rune Challenge").
             The game lasted 00:01:24 (160 turns).

rocky1 the Poker (Minotaur Gladiator)                Turns: 160, Time: 00:01:24

Health: 0/18       AC:  5    Str: 18    XL:     1   Next: 41%
Magic:  0/0        EV: 12    Int:  5    God:
Gold:   0          SH:  0    Dex: 11    Spells: 0/0 levels left

rFire   . . .      SeeInvis .   a - +0 trident
rCold   . . .      Faith    .   (no shield)
rNeg    . . .      Spirit   .   b - +0 leather armour
rPois   .          Reflect  .   c - +0 hat
rElec   .          Harm     .   (no cloak)
rCorr   .          Rampage  .   l - +1 pair of gloves
Will    .....      NoTele   +   (no boots)
Stlth   +.........              (no amulet)
HPRegen 0.06/turn               (no ring)
MPRegen 0.07/turn               (no ring)

@: no status effects
A: horns 2, retaliatory headbutt
a: no special abilities


You were in the Dungeon.
You visited 1 branch

Inventory:

Hand Weapons
 a - a +0 trident (weapon)
Missiles
 d - 2 throwing nets (quivered)
Armour
 b - a +0 leather armour (worn)
 c - a +0 hat (worn)
 l - a +1 pair of gloves (worn)
Scrolls
 j - a scroll of blinking
Potions
 e - a potion of curing
 f - a potion of heal wounds
 g - a potion of haste
 h - 2 potions of magic
 i - a potion of berserk rage
 k - 2 potions of invisibility {unknown}


   Skills:
 - Level 2.4 Fighting
 + Level 5.1 Polearms
 - Level 2.0 Throwing
 - Level 3.2 Dodging


You couldn't memorise any spells.
You didn't know any spells.
Your spell library was empty.

Dungeon Overview and Level Annotations

Branches:
Dungeon (1/1)

Altars:


Innate Abilities, Weirdness & Mutations

You have a pair of horns on your head.
You reflexively headbutt those who attack you in melee.


Message History

Unknown command.
You start waiting.
Done waiting.
You open the door.
There is an open door here.
A human comes into view.
The human shouts!
Throw: 3 throwing nets
Press: ? - help, Q - select action Shift-Dir - straight line, f - human
Aim: a human (46% to hit)
You throw a throwing net. The throwing net hits the human.
The human is caught in the net!
The human struggles against the net.
You reach to attack!
You catch the helpless human completely off-guard!
You hit the human.
The human is lightly wounded.
The human struggles against the net. x2
You reach to attack!
You hit the human.
The human is moderately wounded.
The human struggles against the net.
The net rips apart, and the human comes free!
You reach to attack!
You barely miss the human.
The human is moderately wounded.
You hit the human. You headbutt the human.
The human is heavily wounded.
The human barely misses you.
You hit the human.
The human is heavily wounded.
The human hits you.
You barely miss the human. Your headbutt misses the human.
The human is heavily wounded.
The human hits you.
You hit the human.
The human is heavily wounded.
The human hits you.
You hit the human.
The human is heavily wounded.
The human hits you!
You die...

▓.....#
▓.....#...≈≈♣.♣♣♣
▓.....#..≈≈≈≈♣...
▓####'#..≈≈≈≈≈≈♣♣
▓...†.#.≈≈≈≈≈≈...
▓.....#.≈≈≈≈≈....
▓.....#.≈≈≈......
▓'#####..........
▓....@p..........
▓▓▓▓▓▓▓▓▓▓▓▓▓▓▓▓▓


You could see a human.

Vanquished Creatures
  An endoplasm (D)
  3 rats (D)
4 creatures vanquished.

Notes
Turn   | Place    | Note
-------+----------+-------------------------------------------
     0 | D        | rocky1 the Minotaur Gladiator began the quest for the Orb.
     0 | D        | Reached XP level 1. HP: 18/18 MP: 0/0
     5 | D        | Reached skill level 4 in Polearms
    20 | D        | Reached skill level 5 in Polearms
   160 | D        | Slain by a human

Illustrated notes

Levels and vault maps discovered:
D:        dungeon_sprint_mu [sprint_mu_entry_forest, sprint_mu_temple_rooms,
          sprint_mu_d1_horrors, sprint_mu_d2_genie, sprint_mu_d3_branching,
          sprint_mu_orc_legion, sprint_mu_elf_gauntlet, sprint_mu_hive_nellie,
          sprint_mu_lair_fedhas, sprint_mu_vaults_butterflies,
          sprint_mu_slime_circle, sprint_mu_shoals_kraken,
          sprint_mu_snake_twists, sprint_mu_blade_basic, sprint_mu_crypt_lich,
          sprint_mu_tomb_spiral, sprint_mu_vestibule_basic,
          sprint_mu_gehenna_hellfire, sprint_mu_dis_giant,
          sprint_mu_tartarus_statrot, sprint_mu_cocytus_islands, sprint_mu_zot1]

Skill      XL: |  1 |
---------------+----+-----
Polearms       | 5 |  5.1
Fighting       | |  2.4
Throwing       | |  2.0
Dodging        | |  3.2

Action                   || total
-------------------------++-------
Melee: Trident           ||    17
       Headbutt          ||     2
Throw: Throwing net      ||     1
 Stab: Sleeping          ||     2
       Held in net/web   ||     1
Armor: Leather armour    ||     1
Dodge: Dodged            ||     5
